 Dungeon Crawl Stone Soup version 0.27.1 (webtiles) character file.

Game seed: 16185367799843353772

95 bnorton916 the Conjurer (level 4, -2/24 HPs)
             Began as a Deep Elf Conjurer on Aug 27, 2021.
             Slain by Crazy Yiuf (10 damage)
             ... on level 2 of the Dungeon.
             The game lasted 00:01:56 (2364 turns).

bnorton916 the Conjurer (Deep Elf Conjurer)         Turns: 2364, Time: 00:01:56

Health: -2/24      AC:  3    Str:  4    XL:     4   Next: 40%
Magic:  11/13      EV: 12    Int: 24    God:
Gold:   56         SH:  0    Dex: 13    Spells: 10/13 levels left

rFire    . . .     SeeInvis .   (no weapon)
rCold    . . .     Faith    .   (no shield)
rNeg     . . .     Spirit   .   a - +0 robe
rPois    .         Reflect  .   (no helmet)
rElec    .         Harm     .   h - +0 cloak
rCorr    .         Rampage  .   (no gloves)
Will     .....                  (no boots)
Stlth    ++........             (no amulet)
HPRegen  0.08/turn              (no ring)
MPRegen  0.13/turn              (no ring)

@: no status effects
A: no striking features
a: no special abilities


You were on level 2 of the Dungeon.
You visited 1 branch of the dungeon, and saw 2 of its levels.

You collected 56 gold pieces.

Inventory:

Missiles
 b - 32 stones
Armour
 a - a +0 robe (worn)
 h - a +0 cloak (worn)
Scrolls
 d - a scroll of magic mapping {unknown}
 e - a scroll of identify {unknown}
 g - a scroll of fog {unknown}
 i - a scroll of teleportation {unknown}
Potions
 c - a potion of heal wounds {unknown}
 f - a potion of resistance {unknown}
 j - a potion of curing


   Skills:
 - Level 2.4 Dodging
 - Level 2.4 Stealth
 + Level 5.0 Spellcasting
 + Level 5.5 Conjurations


You had 10 spell levels left.
You knew the following spells:

 Your Spells              Type           Power      Damage    Failure   Level
a - Magic Dart            Conj           100%       1d8       1%          1
b - Searing Ray           Conj           64%        3d5       1%          2

Your spell library contained the following spells:

 Spells                   Type           Power      Damage    Failure   Level
 Animate Skeleton         Necr           12%        N/A       9%          1
 Pain                     Necr           24%        1d5       9%          1
 Dazzling Flash           Conj/Hex       38%        N/A       9%          3
 Vampiric Draining        Necr           3%         2d6       26%         3
 Fulminant Prism          Conj/Hex       9%         3d7       28%         4
 Iskenderun's Mystic Bla  Conj/Tloc      19%        2d6       28%         4


Dungeon Overview and Level Annotations

Branches:
Dungeon (2/15)

Altars:

Annotations:
D:2 Crazy Yiuf


Message History

You kill the goblin!
Casting: Magic Dart (safe; 1% risk of failure)
Confirm with . or Enter, or press ? or * to list all spells.
You can't see any susceptible monsters within range! (Use Z to cast anyway.)
Casting: Magic Dart (safe; 1% risk of failure)
Confirm with . or Enter, or press ? or * to list all spells.
You can't see any susceptible monsters within range! (Use Z to cast anyway.)
Casting: Magic Dart (safe; 1% risk of failure)
Confirm with . or Enter, or press ? or * to list all spells.
You can't see any susceptible monsters within range! (Use Z to cast anyway.)
Things that are here:
a +0 club; a goblin corpse
There is a stone staircase leading up here.
Found 2 puce potions.
j - 2 puce potions
Found a dagger.
You see here a +0 dagger.
There is an open door here.
There is an open door here.
There is an open door here.
Could not explore, unopened runed door.
You open the door.
Crazy Yiuf shouts!
Casting: Magic Dart (safe; 1% risk of failure)
Confirm with . or Enter, or press ? or * to list all spells.
Aiming: Searing Ray (safe; 1% risk of failure)
Press: ? - help, Shift-Dir - straight line, f - Crazy Yiuf
Aim: Crazy Yiuf, wielding a +2 quarterstaff of chaos and wearing a +0 cloak (83% to hit)
The searing ray hits Crazy Yiuf.
Crazy Yiuf is lightly wounded. (Press . to maintain the ray.) Crazy Yiuf yells, "Citrus rumpyflump ladder!"
Crazy Yiuf glowers.
Crazy Yiuf hits you with a +2 quarterstaff of chaos.
You are electrocuted!!
Ouch! That really hurt!
* * * LOW HITPOINT WARNING * * *
It was a potion of curing.
You feel better.
Crazy Yiuf hits you with a +2 quarterstaff of chaos!
You die...

##.#.#
#.#.####....#
#.####
##.....######
### ##'####
##.# #####
#...## #...
#)..# #....##
#... #...#
#.....###...
...
#......####<
#g#
#......'....
#@##
#......####.
##.# #.....##
## #.##
#....## #
##.# #...##
##.## ##'##
##...# #.#
#....# #.#
#....# ##.##
#....###...##
###


You could see Crazy Yiuf.

Vanquished Creatures
  5 adders (D:2)
  A worm (D:2)
  A dart slug (D:1)
  3 endoplasms
  A giant cockroach (D:1)
  4 goblins
  3 hobgoblins
  6 jackals
  3 kobolds
  A quokka (D:2)
  6 ball pythons
  5 bats
  3 frilled lizards
  3 rats
45 creatures vanquished.

Notes
Turn   | Place    | Note
-------+----------+-------------------------------------------
     0 | D:1      | bnorton916 the Deep Elf Conjurer began the quest for the
                  | Orb.
     0 | D:1      | Reached XP level 1. HP: 10/10 MP: 6/6
   645 | D:1      | Reached XP level 2. HP: 15/15 MP: 5/8
   772 | D:1      | Found a faded altar of an unknown god.
   783 | D:1      | Noticed an eye of devastation
   784 | D:1      | Noticed an eye of devastation
   784 | D:1      | Noticed a golden eye
   784 | D:1      | Noticed a shining eye
  1157 | D:2      | Learned a level 2 spell: Searing Ray
  1161 | D:2      | Reached XP level 3. HP: 18/19 MP: 7/10
  1200 | D:2      | Reached skill level 5 in Conjurations
  1602 | D:2      | Reached XP level 4. HP: 19/24 MP: 3/12
  1710 | D:2      | Found a runed translucent door.
  1711 | D:2      | Noticed Crazy Yiuf
  2060 | D:2      | Reached skill level 5 in Spellcasting
  2363 | D:2      | HP: 1/24 [Crazy Yiuf (20)]
  2364 | D:2      | Slain by Crazy Yiuf

Illustrated notes

Levels and vault maps discovered:
D:1:      wander_arrival_estate, layout_rooms,
          hellmonk_ecumenical_altar_watching_god, minmay_misc_feat_alley,
          item_on_display_a
D:2:      layout_loops_corners, kennysheep_generic_room_14,
          uniq_crazy_yiuf_cottage

Skill      XL: |  1  2  3  4 |
---------------+-------------+-----
Spellcasting   | 4 5 |  5.0
Conjurations   | 5 |  5.5
Dodging        | |  2.4
Stealth        | |  2.4

Action                   |  1- 3 |  4- 6 || total
-------------------------+-------+-------++-------
 Cast: Magic Dart        |    59 |    14 ||    73
       Searing Ray       |     1 |     2 ||     3
  Use: Potion            |       |     1 ||     1
Armor: Robe              |     4 |       ||     4
Dodge: Dodged            |     5 |     1 ||     6
